 Dungeon Crawl Stone Soup version 0.25.1-2-g60ff931df9 (webtiles) character file.

Game seed: 6660583650509805080

12408 miket3c the Severer (level 11, -2/157 HPs)
             Began as a Minotaur Berserker on Sept 30, 2020.
             Was an Elder of Trog.
             Slain by a white ugly thing (11 damage)
             ... on level 11 of the Dungeon.
             The game lasted 00:28:52 (11893 turns).

miket3c the Severer (Minotaur Berserker)           Turns: 11893, Time: 00:28:53

Health: -2/157     AC: 17    Str: 23    XL:     11   Next: 62%
Magic:  10/10      EV:  8    Int:  4    God:    Trog [****..]
Gold:   510        SH:  0    Dex: 12    Spells: 10/10 levels left

rFire    . . .     SeeInvis .   C - +1 broad axe (flame)
rCold    . . .     Gourm    .   (no shield)
rNeg     . . .     Faith    .   P - +2 plate armour {rPois}
rPois    +         Spirit   .   (helmet restricted)
rElec    .         Reflect  .   o - +0 cloak
rCorr    .         Harm     .   (no gloves)
MR       ++...                  (no boots)
Stlth    ..........             (no amulet)
HPRegen  0.36/turn              I - ring of protection from magic
MPRegen  0.12/turn              z - ring of protection from magic

@: berserking, very quick
A: retaliatory headbutt, horns 2
a: Berserk, Trog's Hand, Brothers in Arms, Renounce Religion


You were on level 11 of the Dungeon.
You worshipped Trog.
Trog was greatly pleased with you.
You were hungry.

You visited 1 branch of the dungeon, and saw 11 of its levels.

You collected 510 gold pieces.

Inventory:

Hand Weapons
 a - a +0 hand axe
 f - a +0 scimitar of flaming
 m - a +0 hand axe
 p - a +0 trident
 C - a +1 broad axe of flaming (weapon)
 H - the +7 war axe of Gutuipharph {freeze, MR+}
   (You found it on level 6 of the Dungeon)

   It has been specially enchanted to freeze those struck by it, causing extra
   injury to most foes and up to half again as much damage against particularly
   susceptible opponents.
   It can also slow down cold-blooded creatures.
   It affects your resistance to hostile enchantments.
 K - a +3 battleaxe
 S - a +3 broad axe
Missiles
 d - 357 stones (quivered)
 s - 69 arrows
 y - 17 boomerangs
Armour
 b - a +0 animal skin
 j - a +0 ring mail
 l - a +0 ring mail
 o - a +0 cloak (worn)
 E - a +0 chain mail
 L - a +2 plate armour
 P - a +2 plate armour of poison resistance (worn)
Jewellery
 n - a +6 ring of intelligence
 t - an uncursed ring of positive energy
 u - an uncursed ring of wizardry
 z - a ring of protection from magic (right hand)
 F - an uncursed ring of flight
 I - a ring of protection from magic (left hand)
 Q - the amulet "Buhetiak" {rElec rPois rF+ rC- Regen+}
   (You took it off a centaur warrior on level 9 of the Dungeon)

   [amulet of regeneration]

   It protects you from fire.
   It makes you vulnerable to cold.
   It insulates you from electricity.
   It protects you from poison.
   It increases your rate of regeneration.
 V - an uncursed ring of ice
Wands
 B - a wand of acid (7)
 D - a wand of flame (35)
Scrolls
 e - 6 scrolls of remove curse
 h - 7 scrolls of identify
 k - 2 scrolls of fog
 q - a scroll of noise {unknown}
 r - a scroll of blinking {unknown}
 w - 6 scrolls of teleportation
 J - a scroll of silence {unknown}
 O - a scroll of fear {unknown}
 W - a scroll of summoning {unknown}
 X - 2 scrolls of enchant weapon
 Y - a scroll of magic mapping {unknown}
Potions
 g - 2 potions of degeneration {unknown}
 i - 4 potions of heal wounds {unknown}
 v - a potion of berserk rage {unknown}
 x - a potion of lignification {unknown}
 A - a potion of mutation {unknown}
 G - 2 potions of ambrosia {unknown}
 M - a potion of resistance {unknown}
 N - 3 potions of cancellation {unknown}
 R - 2 potions of curing
 U - a potion of might {unknown}
Comestibles
 c - 17 rations
 T - 9 chunks of flesh


   Skills:
 * Level 12.5 Fighting
 * Level 15.5 Axes
 + Level 1.1 Throwing
 + Level 8.8 Armour
 + Level 3.8 Dodging


You had 10 spell levels left.
You didn't know any spells.
Your spell library was empty.

Dungeon Overview and Level Annotations

Branches:
Dungeon (11/15)            Temple (0/1) D:7             Orc (0/2) D:10
   Lair: D:8-11

Altars:
Uskayaw
Xom


Innate Abilities, Weirdness & Mutations

You reflexively headbutt those who attack you in melee.
You have a pair of horns on your head.


Message History

You closely miss the white ugly thing.
The white ugly thing is heavily wounded.
The white ugly thing gores you. The white ugly thing freezes you!!
You are too injured to fight recklessly!
You hit the white ugly thing. You burn the white ugly thing.
Your headbutt misses the white ugly thing.
The white ugly thing is severely wounded.
The white ugly thing gores you. The white ugly thing freezes you!!
* * * LOW HITPOINT WARNING * * *
You hit the white ugly thing. You burn the white ugly thing.
The white ugly thing is severely wounded.
You closely miss the bullfrog.
The bullfrog hits you but does no damage.
The white ugly thing gores you but does no damage.
A red film seems to cover your vision as you go berserk!
You feel yourself moving faster!
You feel mighty!
You are feeling hungry.
The bullfrog hits you but does no damage.
The white ugly thing gores you!
You die...

#.>.# #...#
#...# #...#
#...# #...#
#...######.
#..@u......
#...F.((...
#.)#######(
#..#
#.#####..#
#......).#
#........#
#.#####..#
#..#


You could see a white ugly thing and a bullfrog.

Vanquished Creatures
  Fannar (D:10)
  A hydra (D:9)
  Erica (D:9)
  An unseen horror (D:10)
  Psyche (D:9)
  An efreet (D:9)
  A troll (D:9)
  A hippogriff (D:9)
  A hornet (D:8)
  2 dream sheep (D:9)
  7 yaks
  A wyvern (D:8)
  A steam dragon (D:7)
  A vampire mosquito (D:9)
  A water moccasin (D:11)
  7 orc warriors
  4 sky beasts
  2 ice beasts (D:9)
  2 black bears
  4 ogres
  A phantom (D:9)
  A necrophage (D:10)
  2 centaurs
  3 big kobolds (D:9)
  A gnoll sergeant (D:9)
  6 bullfrogs
  A water moccasin zombie (D:11)
  A wyvern skeleton (D:8)
  14 killer bees
  3 scorpions
  6 howler monkeys
  An electric eel (D:8)
  A centaur zombie (D:9)
  A crimson imp (D:5)
  A bullfrog zombie (D:9)
  8 hounds
  2 jellies
  2 centaur skeletons (D:4)
  7 orc priests
  2 bullfrog skeletons
  Ijyb (D:5)
  12 orc wizards
  17 worker ants
  5 iguanas
  A hound zombie (D:7)
  3 hound skeletons
  2 worker ant zombies
  Robin (D:2)
  4 gnolls (D:9)
  13 adders
  A river rat (D:5)
  A shadow imp (D:9)
  4 worms
  2 dart slugs
  3 leopard geckos
  49 orcs
  2 ball pythons
  7 bats
  9 giant cockroaches
  16 goblins
  9 hobgoblins
  13 jackals
  5 kobolds
  4 quokkas
  4 frilled lizards
  A jackal skeleton (D:5)
  A leopard gecko skeleton (D:5)
  13 rats
  A plant (D:9)
309 creatures vanquished.

Vanquished Creatures (collateral kills)
  Erolcha (D:9)
  A centaur warrior (D:9)
  A hippogriff (shapeshifter) (D:9)
  A wyvern (D:9)
  A hungry ghost (D:9)
  An ice beast (D:9)
  A necrophage (D:9)
  2 killer bees (D:9)
  A crimson imp (D:9)
10 creatures vanquished.

Vanquished Creatures (others)
  An adder (D:9)
1 creature vanquished.

Grand Total: 320 creatures vanquished

Notes
Turn   | Place    | Note
-------+----------+-------------------------------------------
     0 | D:1      | miket3c the Minotaur Berserker began the quest for the Orb.
     0 | D:1      | Reached XP level 1. HP: 19/19 MP: 0/0
   282 | D:1      | Found a shimmering altar of Xom.
   285 | D:1      | Reached skill level 4 in Axes
   285 | D:1      | Reached XP level 2. HP: 27/27 MP: 1/1
  1061 | D:2      | Reached XP level 3. HP: 29/33 MP: 2/2
  1136 | D:2      | Reached ** piety under Trog
  1514 | D:2      | Reached XP level 4. HP: 30/41 MP: 3/3
  1655 | D:2      | Noticed Robin
  1666 | D:2      | Reached skill level 5 in Axes
  1668 | D:2      | Killed Robin
  1734 | D:2      | Reached skill level 5 in Fighting
  1762 | D:2      | Reached skill level 1 in Throwing
  2192 | D:2      | Reached XP level 5. HP: 48/48 MP: 4/4
  2796 | D:3      | Found a faded altar of an unknown god.
  3124 | D:3      | Reached *** piety under Trog
  3598 | D:4      | Reached skill level 6 in Axes
  3598 | D:4      | Reached XP level 6. HP: 57/57 MP: 5/5
  4210 | D:4      | Reached skill level 7 in Axes
  4210 | D:4      | Reached XP level 7. HP: 63/63 MP: 6/6
  4686 | D:5      | Entered Level 5 of the Dungeon
  5075 | D:5      | Noticed Ijyb
  5084 | D:5      | Reached skill level 8 in Axes
  5090 | D:5      | Killed Ijyb
  5311 | D:5      | Reached **** piety under Trog
  5311 | D:5      | Reached XP level 8. HP: 33/71 MP: 7/7
  5749 | D:6      | Reached skill level 9 in Axes
  5987 | D:6      | Reached skill level 5 in Armour
  6272 | D:6      | Got an encrusted war axe
  6273 | D:6      | Identified the +7 war axe of Gutuipharph {freeze, MR+} (You
                  | found it on level 6 of the Dungeon)
  6643 | D:7      | Reached skill level 10 in Axes
  6758 | D:7      | Found a staircase to the Ecumenical Temple.
  7050 | D:7      | Reached XP level 9. HP: 62/81 MP: 8/8
  7757 | D:7      | Reached skill level 11 in Axes
  7946 | D:8      | Found a hide-covered altar of Uskayaw.
  8174 | D:8      | Reached ***** piety under Trog
  8189 | D:8      | Paralysed by a hornet for 1 turns
  8564 | D:8      | Reached skill level 12 in Axes
  9109 | D:9      | Reached XP level 10. HP: 65/93 MP: 9/9
  9295 | D:9      | Reached skill level 10 in Fighting
  9312 | D:9      | Noticed Erolcha
  9322 | D:9      | Killed Erolcha
  9322 | D:9      | Reached skill level 13 in Axes
  9604 | D:9      | Identified the amulet "Buhetiak" {rElec rPois rF+ rC-
                  | Regen+}
  9604 | D:9      | Noticed a centaur warrior
  9622 | D:9      | Killed a centaur warrior
  9622 | D:9      | Reached skill level 14 in Axes
  9997 | D:9      | Received a gift from Trog
 10024 | D:9      | Found the +7 mace of Variability {chain chaos}
 10092 | D:9      | Noticed Erica
 10092 | D:9      | Noticed Psyche
 10096 | D:9      | Killed Erica
 10096 | D:9      | Reached XP level 11. HP: 99/102 MP: 10/10
 10102 | D:9      | Killed Psyche
 10560 | D:9      | Noticed a two-headed hydra
 10563 | D:9      | Killed a one-headed hydra
 10563 | D:9      | Reached skill level 15 in Axes
 10664 | D:10     | Entered Level 10 of the Dungeon
 10717 | D:10     | Killed an unseen horror
 10748 | D:10     | Noticed Fannar
 10775 | D:10     | Killed Fannar
 11215 | D:10     | Found a staircase to the Orcish Mines.
 11881 | D:11     | Noticed a white ugly thing
 11891 | D:11     | HP: 5/105 [white ugly thing (28)]
 11893 | D:11     | Slain by a white ugly thing

Illustrated notes

Levels and vault maps discovered:
D:1:      dpeg_arrival_three_same_balls, layout_loops_corners, xom_teletrap_fun
D:2:      layout_basic, first_ration, lemuel_another_geyser, uniq_robin
D:3:      layout_loops_ring, chequers_ecumenical_altar_simple
D:4:      layout_basic, serial_corexii_hall, chequers_hall_statues_wall_a,
          corexii_hall_statues_i, corexii_item_surrounded_by_moat,
          kennysheep_small_circle
D:5:      minmay_clustersquares, layout_basic, portal_sewer_entry_e, uniq_ijyb
D:6:      layout_rooms
D:7:      layout_loops_corners, temple_doors_cd
D:8:      layout_basic, basic_altar
D:9:      minmay_the_grid_triangle_9x9_recursive_2_mashed
          [minmay_the_grid_triangle_9x9_prize_schism,
          minmay_the_grid_triangle_9x9_longest,
          minmay_the_grid_triangle_9x9_windchime,
          minmay_the_grid_triangle_9x9_sparse_checkered], layout_irregular_city,
          chequers_serial_rivers_large_b, hangedman_ranch
          [blue_anna_fruit_fields], chequers_serial_rivers_micro_e,
          nrook_campfire, uniq_psyche, uniq_erica, uniq_erolcha
D:10:     layout_stronghold, orc_0_dummy, uniq_fannar
D:11:     layout_long_grid, lair_entry_dummy

Skill      XL: |  1  2  3  4  5  6  7  8  9 10 11 |
---------------+----------------------------------+-----
Axes           | 4 5 6 7 8 10 12 14 15 | 15.5
Fighting       | 4 5 6 8 9 11 12 | 12.5
Throwing       | 1 |  1.1
Armour         | 3 4 5 7 8 |  8.8
Dodging        | 3 |  3.8

Action                   |  1- 3 |  4- 6 |  7- 9 | 10-12 || total
-------------------------+-------+-------+-------+-------++-------
Melee: Hand axe          |    74 |   139 |   155 |       ||   368
       Headbutt          |     4 |    22 |    68 |    50 ||   144
       War axe           |       |       |    98 |       ||    98
       Battleaxe         |       |       |    72 |    65 ||   137
       Broad axe         |       |       |       |   143 ||   143
Throw: Stone             |    12 |       |     3 |    10 ||    25
Invok: Trog's Hand       |       |     3 |     2 |     4 ||     9
       Berserk           |       |     3 |     2 |     3 ||     8
       Brothers in Arms  |       |       |       |     3 ||     3
  Use: Scroll            |       |     3 |    10 |       ||    13
       Potion            |       |       |       |     4 ||     4
  Eat: Chunk             |     2 |     9 |    10 |    11 ||    32
       Ration            |       |     1 |     2 |     1 ||     4
Armor: Animal skin       |     8 |       |       |       ||     8
       Ring mail         |    13 |    43 |    44 |       ||   100
       Chain mail        |       |       |    19 |       ||    19
       Plate armour      |       |       |    98 |   106 ||   204
Dodge: Dodged            |    50 |    81 |   144 |    91 ||   366
